Map: Lightshade LE

Players

ShoWTimE - Winner!

  • Race: Protoss Protoss

DnS

  • Race: Protoss Protoss

Event: DreamHack SC2 Masters 2021 Winter

VOD

Have the link to the VOD?

Description

Time

  • Played on: Sept. 30, 2021, 12:43 p.m.
  • Length: 13:46

All games in this series

Show
View Real Time Build Order
Export as new Build Order

ShoWTimE Protoss - Winner!

Build Orders: Phoenix Opening 

Get SALT Encoding   

  12  0:00  Probe  
  13  0:12  Probe  
  14  0:17  Pylon  
  14  0:24  Probe (Chrono Boost)  
  15  0:36  Gateway, Probe (Chrono Boost)  
  16  0:44  Probe (Chrono Boost)  
  16  0:46  Assimilator  
  17  0:50  Probe  
  18  1:03  Probe (Chrono Boost)  
  19  1:04  Assimilator  
  19  1:10  Gateway  
  19  1:14  Probe (Chrono Boost)  
  20  1:18  Probe (Chrono Boost)  
  20  1:24  Cybernetics Core  
  21  1:29  Probe  
  22  1:35  Pylon  
  22  1:41  Probe  
  23  1:53  Probe  
  24  2:00  Adept x2  
  24  2:01  Warp Gate  
  28  2:05  Probe  
  29  2:13  Pylon  
  29  2:27  Shield Battery  
  29  2:32  Stalker  
  30  2:45  Stalker  
  32  2:57  Nexus  
  32  3:02  Shield Battery  
  32  3:04  Probe  
  33  3:10  Sentry  
  35  3:15  Sentry  
  35  3:17  Probe  
  38  3:24  Pylon  
  38  3:29  Probe  
  39  3:37  Twilight Council  
  39  3:42  Probe (Chrono Boost)  
  39  3:45  Phoenix  
  42  3:52  Stalker  
  42  3:53  Probe (Chrono Boost)  
  43  3:58  Stalker, Probe (Chrono Boost)  
  47  4:17  Pylon  
  48  4:18  Stalker  
  48  4:19  Probe x2  
  50  4:28  Phoenix  
  50  4:31  Cybernetics Core, Probe x2 (Chrono Boost)  
  51  4:36  Blink (Chrono Boost)  
  51  4:43  Probe x2 (Chrono Boost)  
  53  4:50  Robotics Facility  
  53  4:51  Probe x2 (Chrono Boost)  
  55  4:57  Probe  
  55  4:58  Probe  
  57  5:06  Pylon  
  57  5:09  Probe  
  57  5:10  Probe  
  57  5:11  Assimilator  
  57  5:13  Forge  
  57  5:14  Pylon  
  59  5:21  Stalker, Probe  
  61  5:24  Probe  
  61  5:25  Stalker  
  65  5:30  Pylon  
  65  5:34  Probe  
  66  5:38  Observer (Chrono Boost)  
  66  5:42  Probe  
  68  5:45  Protoss Ground Weapons Level 1 (Chrono Boost), Pylon x2  
  68  5:53  Gateway  
  68  5:54  Stalker  
  68  5:56  Stalker, Gateway  
  72  6:02  Shield Battery  
  72  6:06  Pylon  
  72  6:12  Observer  
  72  6:16  Phoenix  
  73  6:21  Nexus  
  73  6:24  Pylon  
  73  6:25  Probe x2  
  75  6:33  Gateway  
  75  6:37  Probe x2  
  75  6:38  Gateway  
  77  6:40  Stalker x2  
  77  6:45  Pylon  
  81  6:49  Stalker, Probe x2  
  81  6:53  Shield Battery  
  84  7:01  Probe  
  84  7:02  Probe  
  84  7:03  Warp Prism (Chrono Boost)  
  84  7:06  Pylon  
  88  7:08  Charge  
  88  7:10  Stalker  
  88  7:13  Probe  
  91  7:17  Stalker x2  
  91  7:18  Probe  
  96  7:25  Probe  
  94  7:30  Probe  
  94  7:33  Phoenix, Probe  
  96  7:38  Probe  
  96  7:39  Immortal  
  96  7:43  Probe  
  102  7:46  Phoenix  
  102  7:47  Gateway, Probe  
  102  7:48  Gateway, Protoss Ground Weapons Level 2 (Chrono Boost)  
  99  7:52  Probe  
  99  7:55  Probe  
  99  7:56  Shield Battery  
  99  7:57  Pylon  
  101  8:01  Assimilator  
  101  8:05  Photon Cannon  
  101  8:09  Templar Archives  
  101  8:10  Probe  
  102  8:14  Probe  
  102  8:15  Assimilator  
  102  8:17  Immortal (Chrono Boost)  
  107  8:25  Pylon  
  107  8:26  Zealot  
  109  8:37  Pylon  
  109  8:38  Probe  
  109  8:39  Probe x2  
  109  8:40  Assimilator  
  112  8:46  High Templar x4  
  112  8:47  Zealot x4  
  128  8:50  Archon  
  128  8:54  Pylon  
  128  8:55  Phoenix  
  128  8:57  Shield Battery  
  128  9:01  Photon Cannon  
  128  9:02  Shield Battery  
  128  9:03  Archon, Pylon  
  128  9:12  Nexus  
  128  9:13  High Templar x2  
  128  9:14  Phoenix  
  132  9:18  Zealot, Archon, Pylon  
  132  9:22  Zealot x2  
  138  9:30  Pylon  
  138  9:38  High Templar x2  
  140  9:42  Archon  
  140  9:43  Zealot x4  
  140  9:44  Shield Battery  
  140  9:45  Shield Battery  
  148  9:46  Pylon  
  148  9:48  Photon Cannon  
  148  9:51  Zealot x2  
  152  10:05  High Templar  
  152  10:06  Zealot x2, High Templar  
  160  10:10  Archon, Pylon  
  160  10:11  Zealot x2  
  160  10:13  Zealot x2  
  168  10:25  Protoss Ground Weapons Level 3 (Chrono Boost)  
  168  10:26  High Templar x2  
  172  10:30  Archon  
  172  10:31  Zealot x2  
  172  10:33  Gateway  
  176  10:36  Gateway  
  176  10:38  Probe x4  
  180  10:44  Photon Cannon  
  180  10:50  High Templar x2  
  180  10:51  Zealot x3  
  180  10:55  Archon  
  190  10:59  Robotics Bay  
  190  11:08  Robotics Facility  
  190  11:09  Zealot  
  190  11:10  Zealot x2  
  193  11:13  Probe x4  
  194  11:21  Assimilator, High Templar  
  194  11:22  High Templar  
  194  11:23  Assimilator  
  198  11:25  Archon  
  198  11:28  Zealot  
  174  11:48  Zealot x7  
  162  11:58  Zealot x3  
  134  12:03  Disruptor (Chrono Boost)  
  134  12:04  Disruptor (Chrono Boost)  
  132  12:09  Zealot x6  
  138  12:17  Zealot  
  138  12:21  High Templar  
  138  12:22  Zealot, High Templar  
  146  12:25  Probe  
  146  12:26  Probe x3  
  146  12:27  Archon  
  150  12:34  High Templar x4  
  150  12:35  Zealot x2  
  162  12:38  Archon x2, Probe  
  162  12:40  Probe x3  
  162  12:42  Disruptor (Chrono Boost)  
  169  12:47  Disruptor (Chrono Boost)  
  169  12:50  Probe  
  169  12:53  Photon Cannon  
  169  12:57  Zealot x6  
  181  13:06  Zealot x2  
  185  13:14  Zealot x2, Disruptor (Chrono Boost)  
  190  13:22  Zealot x5  
  190  13:23  Zealot  
  129  13:43  Zealot x5  
  129  13:44  Zealot  
Show
View Real Time Build Order
Export as new Build Order

DnS Protoss 

Build Orders: Zealot Archon 

Get SALT Encoding   

  12  0:00  Probe  
  13  0:12  Probe  
  14  0:17  Pylon  
  14  0:24  Probe (Chrono Boost)  
  15  0:36  Probe (Chrono Boost)  
  15  0:37  Gateway  
  16  0:44  Probe (Chrono Boost)  
  16  0:45  Assimilator  
  17  0:51  Probe  
  18  0:57  Assimilator  
  18  1:03  Probe (Chrono Boost)  
  19  1:08  Gateway  
  19  1:12  Probe (Chrono Boost)  
  19  1:17  Probe (Chrono Boost)  
  20  1:25  Cybernetics Core  
  21  1:29  Probe  
  22  1:35  Pylon  
  22  1:42  Probe  
  23  1:55  Probe  
  23  2:01  Stalker x2, Warp Gate (Chrono Boost)  
  24  2:08  Probe  
  29  2:15  Pylon  
  29  2:27  Shield Battery  
  29  2:32  Adept  
  29  2:33  Adept  
  32  2:58  Nexus  
  27  3:05  Adept  
  32  3:09  Adept  
  36  3:17  Probe  
  37  3:21  Pylon  
  37  3:35  Probe  
  37  3:39  Shield Battery  
  38  3:47  Adept x2  
  38  3:48  Probe  
  43  3:49  Shield Battery  
  43  3:57  Twilight Council  
  43  4:04  Probe  
  44  4:11  Probe (Chrono Boost)  
  44  4:16  Probe (Chrono Boost)  
  46  4:23  Probe (Chrono Boost)  
  47  4:28  Probe (Chrono Boost)  
  49  4:32  Probe (Chrono Boost)  
  49  4:33  Probe (Chrono Boost)  
  49  4:37  Probe  
  50  4:38  Dark Shrine  
  50  4:41  Blink (Chrono Boost)  
  50  4:42  Probe  
  52  4:46  Sentry  
  52  4:48  Sentry  
  52  4:50  Probe  
  57  4:54  Probe  
  57  4:59  Pylon  
  58  5:02  Probe  
  58  5:06  Probe  
  60  5:07  Pylon  
  60  5:14  Probe  
  61  5:15  Gateway  
  61  5:18  Probe  
  62  5:21  Assimilator  
  62  5:26  Probe, Forge  
  63  5:31  Probe  
  64  5:38  Probe  
  65  5:43  Probe  
  66  5:50  Probe  
  66  5:51  Nexus  
  66  5:53  Pylon  
  66  5:54  Dark Templar x2  
  71  5:59  Probe  
  71  6:02  Probe  
  71  6:11  Probe  
  71  6:13  Protoss Ground Weapons Level 1 (Chrono Boost)  
  71  6:14  Probe  
  71  6:22  Stalker  
  71  6:23  Probe  
  71  6:25  Shield Battery  
  74  6:26  Probe  
  74  6:27  Stalker x2  
  74  6:30  Robotics Facility  
  79  6:33  Immortal  
  79  6:35  Probe  
  79  6:38  Probe, Archon  
  81  6:42  Gateway, Charge  
  81  6:46  Stalker  
  83  6:47  Probe  
  83  6:51  Probe  
  85  7:00  Probe  
  84  7:03  Dark Templar  
  84  7:05  Stalker  
  84  7:06  Probe  
  84  7:08  Probe  
  88  7:11  Stalker, Shield Battery  
  88  7:15  Immortal (Chrono Boost), Probe  
  91  7:20  Probe  
  96  7:28  Stalker  
  97  7:36  Gateway  
  97  7:37  Stalker x2  
  97  7:38  Gateway  
  97  7:40  Stalker  
  98  7:45  Shield Battery  
  98  7:46  Gateway  
  98  7:50  Probe x2  
  100  7:51  Probe  
  100  7:58  Gateway  
  100  8:01  Templar Archives  
  100  8:02  Probe  
  100  8:04  Pylon  
  101  8:06  Pylon  
  101  8:09  Protoss Ground Weapons Level 2 (Chrono Boost)  
  101  8:13  Nexus  
  101  8:16  Pylon  
  101  8:22  Probe x2  
  101  8:23  Gateway  
  101  8:27  Zealot x3  
  105  8:30  Zealot  
  111  8:35  Probe x2  
  111  8:38  Warp Prism (Chrono Boost)  
  111  8:39  Gateway  
  115  8:53  Zealot x3, High Templar x2  
  125  8:56  Pylon  
  125  8:57  Archon, Pylon  
  125  9:03  Gateway x2  
  125  9:05  Photon Cannon  
  125  9:07  Pylon  
  125  9:18  Photon Cannon  
  125  9:20  Zealot x4  
  133  9:30  Zealot x4  
  139  9:41  High Templar  
  139  9:42  Zealot x3, High Templar  
  139  9:43  Pylon  
  139  9:44  Pylon  
  149  9:46  Archon  
  149  9:51  Pylon  
  149  9:59  Zealot x3  
  153  10:07  Zealot, High Templar  
  153  10:08  Zealot x2, High Templar  
  153  10:12  Archon  
  163  10:16  Gateway  
  163  10:19  Observer (Chrono Boost)  
  164  10:25  Zealot x4  
  172  10:39  Pylon x2  
  172  10:40  Pylon  
  172  10:42  Pylon  
  172  10:43  Pylon, Shield Battery  
  172  10:45  Shield Battery  
  172  10:53  Pylon  
  176  10:57  Immortal (Chrono Boost)  
  176  10:59  Zealot x9  
  176  11:01  Protoss Ground Weapons Level 3 (Chrono Boost)  
  190  11:18  Photon Cannon  
  190  11:20  Photon Cannon  
  190  11:23  Photon Cannon  
  190  11:32  Zealot x3, High Templar x2  
  196  11:36  Archon  
  174  11:51  Zealot x4  
  174  11:52  Zealot x2  
  160  11:57  Zealot x3  
  134  12:05  Immortal (Chrono Boost)  
  122  12:09  Zealot x2  
  122  12:12  Zealot x2  
  122  12:13  Zealot x4  
  130  12:19  Zealot x3  
  134  12:31  High Templar x2  
  134  12:34  Immortal (Chrono Boost)  
  134  12:35  Zealot, Archon  
  134  12:36  Zealot x5  
  154  12:48  Stalker x2  
  154  12:51  Assimilator  
  158  13:05  Stalker x3  
  164  13:07  Zealot x6  
  164  13:12  Stalker  
  178  13:13  Zealot  
  126  13:28  Zealot x9  
  122  13:40  Zealot x2  

Tags
 
Add a new tag
Caveats
  • Supply blocks, unpowered buildings, or Contaminate may cause inaccurate times.
  • Supply counts are checked every 10 seconds.